 Dungeon Crawl Stone Soup version 0.19-a0-61-g4dc4c6e (webtiles) character file.

1255467 wvc the Conqueror (level 27, 0/235 (245) HPs)
             Began as a Minotaur Monk on May 5, 2016.
             Was the Champion of the Shining One.
             Slain by an eldritch tentacle (7 damage)
             ... called by the effects of Hell
             ... on level 7 of Cocytus on May 10, 2016.
             The game lasted 04:49:41 (96554 turns).

wvc the Conqueror (Minotaur Monk)                  Turns: 96554, Time: 04:49:42

HP:   0/235 (245)   AC: 47    Str: 17    XL:     27
MP:   41/41         EV: 34    Int: 10    God:    the Shining One [******]
Gold: 9211          SH:  0    Dex: 33    Spells: 6 memorised, 39 levels left

rFire  + + .     SeeInvis +     C - +9 executioner's axe (holy)
rCold  + + .     Gourm    .     I - +8 orange crystal plate armour {Archmagi, Int+3 Clar SustAt}
rNeg   + + +     Faith    .     (shield currently unavailable)
rPois  +         Spirit   .     H - -2 hat of the Alchemist {rElec rPois rF+ rC+ rN+ MR+ rMut rCorr}
rElec  +         Dismiss  .     n - +2 cloak
rCorr  +         Reflect  .     d - +2 pair of gloves {Dex+3}
rMut   +         Harm     .     X - +0 pair of boots of the Shoals {rC+ SInv}
SustAt +         Clarity  +     K - amulet of the Air {Inacc +Fly rElec EV+5 RMsl}
MR     +++..                    D - ring "Virowk" {+Blink EV+3 SInv}
Stlth  ..........               G - ring of Wonder {rF+ EV+3 Dex+5}

@: very slightly contaminated, glowing, repel missiles, extremely resistant to
hostile enchantments, extremely unstealthy
A: retaliatory headbutt, horns 2, frail 1
a: Divine Shield, Cleansing Flame, Summon Divine Warrior, Renounce Religion,
Evoke Blink, Evoke Flight
}: 13/15 runes: decaying, serpentine, slimy, silver, iron, obsidian, bone,
abyssal, demonic, glowing, magical, fiery, dark


You were on level 7 of Cocytus.
You worshipped the Shining One.
The Shining One was exalted by your worship.
You were not hungry.

You visited 16 branches of the dungeon, and saw 88 of its levels.
You visited Pandemonium 1 time, and saw 29 of its levels.
You visited the Abyss 2 times.
You visited 1 bazaar.
You also visited: Labyrinth and Ice Cave.

You collected 13680 gold pieces.
You spent 4469 gold pieces at shops.

Inventory:

Hand Weapons
 C - a +9 executioner's axe of holy wrath (weapon)
 R - the +11 battleaxe "Xibos" {chop, +Fly rF+ MR+ Dex+4}
   (You bought it in a shop on level 6 of the Dungeon)

   It inflicts extra damage upon your enemies.
   It affects your dexterity (+4).
   It protects you from fire.
   It affects your resistance to hostile enchantments.
   It lets you fly.
Armour
 d - a +2 pair of gloves of dexterity (worn)
 n - a +2 cloak (worn)
 H - the -2 hat of the Alchemist (worn) {rElec rPois rF+ rC+ rN+ MR+ rMut rCorr}
   (You found it on level 6 of the Pits of Slime)

   It protects you from fire.
   It protects you from cold.
   It insulates you from electricity.
   It protects you from poison.
   It protects you from negative energy.
   It affects your resistance to hostile enchantments.
   It protects you from acid and corrosion.
   It protects you from mutation.
 I - the +8 orange crystal plate armour (worn) {Archmagi, Int+3 Clar SustAt}
   (You found it on level 6 of the Pits of Slime)

   It affects your intelligence (+3).
   It sustains your strength, intelligence and dexterity.
   It protects you against confusion.
 X - the +0 pair of boots of the Shoals (worn) {rC+ SInv}
   (You acquired it on level 2 of the Vaults)

   It protects you from cold.
   It lets you see invisible.
Rods
 f - a +2 lightning rod (9/9)
   (You took it off a balrug on level 7 of Gehenna)
Jewellery
 D - the ring "Virowk" (right hand) {+Blink EV+3 SInv}
   (You bought it in a shop on level 2 of the Vaults)

   [ring of evasion]

   It affects your evasion (+3).
   It lets you see invisible.
   It lets you blink.
 G - the ring of Wonder (left hand) {rF+ EV+3 Dex+5}
   (You found it in a labyrinth)

   [ring of evasion]

   It affects your evasion (+3).
   It affects your dexterity (+5).
   It protects you from fire.
 J - the amulet of Vitality {Regen+ HP+15}
   (You took it off a deep elf annihilator on level 3 of the Elven Halls)

   [amulet of regeneration]

   It affects your health (+15).
   It increases your rate of regeneration.
 K - the amulet of the Air (around neck) {Inacc +Fly rElec EV+5 RMsl}
   (You found it on level 3 of the Elven Halls)

   [amulet of inaccuracy]

   It reduces the accuracy of all your attacks.
   It affects your evasion (+5).
   It insulates you from electricity.
   It lets you fly.
   It protects you from missiles.
 L - the ring of Zaxe {EV+5 Str+3}
   (You took it off a balrug in Pandemonium)

   [ring of evasion]

   It affects your evasion (+5).
   It affects your strength (+3).
Wands
 k - a wand of teleportation (2/9)
 s - a wand of disintegration (5/24)
 y - a wand of digging (14/24)
Scrolls
 c - 8 scrolls of amnesia
 g - 8 scrolls of blinking
 i - 7 scrolls of teleportation
 o - 37 scrolls of remove curse
 p - 15 scrolls of recharging
 q - 3 scrolls of silence
 t - 4 scrolls of fog
 x - 2 scrolls of holy word
 A - a scroll of summoning
 M - 7 scrolls of enchant weapon
 N - 12 scrolls of immolation
 T - 3 scrolls of identify
 U - 15 scrolls of enchant armour
 Y - 9 scrolls of fear
Potions
 a - 16 potions of curing
 e - 11 potions of flight
 j - 14 potions of brilliance
 m - a potion of agility
 r - 13 potions of cure mutation
 F - 3 potions of berserk rage
 P - 5 potions of magic
 Q - a potion of haste
 S - 4 potions of resistance
 V - 3 potions of ambrosia
Miscellaneous
 u - 2 phantom mirrors
 v - a legendary deck of wonders {the Helix}
 B - an ornate deck of changes {the Blade}
 E - a lamp of fire
 O - an ornate deck of wonders {the Alchemist}
 W - a phial of floods
Comestibles
 b - 35 bread rations


   Skills:
 O Level 27 Fighting
 O Level 27 Axes
   Level 6.3 Staves
 O Level 27 Armour
 O Level 27 Dodging
 - Level 1.5 Stealth
 - Level 8.4 Unarmed Combat
 + Level 15.6 Spellcasting
 - Level 10.0 Translocations
 * Level 19.9 Air Magic
 O Level 27 Invocations


You had 39 spell levels left.
You knew the following spells:

 Your Spells              Type           Power        Failure   Level  Hunger
a - Apportation           Tloc           #####.....   1%          1    None
b - Summon Butterflies    Summ           ##......     96%         1    None
c - Spectral Weapon       Hex/Chrm       ##......     100%        3    None
d - Blink                 Tloc           N/A          3%          2    None
e - Repel Missiles        Chrm/Air       #####.       3%          2    None
f - Tornado               Air            ######....   100%        9    #######


Dungeon Overview and Level Annotations

Branches:
Dungeon (15/15)            Temple (0/1) D:6            Lair (8/8) D:11
  Swamp (4/4) Lair:6        Snake (4/4) Lair:4        Slime (6/6) Lair:6
    Orc (2/2) D:10            Elf (3/3) Orc:2        Vaults (5/5) D:14
  Crypt (3/3) Vaults:2       Tomb (0/3) Crypt:3      Depths (5/5) D:15
   Hell (1/1)                 Dis (7/7) Hell            Geh (7/7) Hell
    Coc (7/7) Hell            Tar (7/7) Hell            Zot (4/5) Depths:5

Altars:
Ashenzari
Elyvilon
Fedhas
Kikubaaqudgha
Makhleb
Pakellas
Qazlal
Sif Muna
Trog
Vehumet
Xom
Zin
The Shining One
Beogh

Shops:
D:4 %[(((   D:6 (   D:7 *   D:15 %   Orc:1 ?   Orc:2 **%!   Elf:3 }}:}
Vaults:2 =   Vaults:4 ?   Depths:2 (!

Portals:
Hell: Depths:1 Depths:2 Depths:3 Depths:4 Depths:5
Abyss: Depths:4
Pandemonium: Depths:1 Depths:3 Depths:5
Ziggurat: Depths:3

Annotations:
Elf:2 5 runed doors
Depths:3 exclusion: obsidian statue
Coc:7 Antaeus


Innate Abilities, Weirdness & Mutations

You reflexively headbutt those who attack you in melee.
You have a pair of horns on your head.
You are frail (-10% HP).


Message History

Your surroundings suddenly seem different.
Splash!
You fall into the shallow water.
Moving in this stuff is going to be slow.
You sense a hostile presence.
The dungeon shakes, a horrible noise fills the air, and a portal to some otherworldly place is opened!
An eldritch tentacle comes into view.
The eldritch tentacle slaps you but does no damage.
The eldritch tentacle completely misses you.
The eldritch tentacle misses you. x2
You chop the eldritch tentacle into pieces!!!
You headbutt the eldritch tentacle, but do no damage.
The eldritch tentacle is heavily damaged.
The eldritch tentacle completely misses you.
You furiously retaliate!
You headbutt the eldritch tentacle, but do no damage.
The eldritch tentacle claws you.
* * * LOW HITPOINT WARNING * * *
The eldritch tentacle shocks you! You resist.
You die...

≈≈5≈≈≈≈≈≈≈≈# #≈≈≈≈≈..≈≈≈≈≈#
≈≈≈≈≈≈≈≈≈≈≈# #≈≈≈≈≈≈≈≈≈≈≈≈#
≈≈≈≈≈.≈≈≈≈≈# #≈≈≈≈≈≈≈≈≈≈≈≈#
≈≈≈≈..≈≈≈≈≈# ##≈≈≈≈≈≈≈≈≈≈≈##≈
≈≈≈≈..≈≈≈≈# #≈≈*≈≈≈≈≈≈≈≈≈≈≈
≈≈....≈≈≈≈# #≈<..≈≈≈≈≈≈≈≈≈≈
≈.....≈≈≈≈## ##≈≈>...≈≈≈≈≈≈≈.
.....≈≈≈≈≈≈###≈≈w≈...........
....≈≈≈≈≈≈≈≈≈≈≈≈@≈≈..........
...≈≈≈≈≈≈≈≈≈≈≈≈≈≈≈≈.........≈
≈≈≈≈≈≈≈≈#≈≈≈≈≈#≈≈≈≈≈.......≈≈
≈≈≈≈≈≈≈≈##....#≈≈≈≈≈≈≈....≈≈≈
≈≈≈≈≈≈≈≈###..##≈≈≈≈≈≈≈≈≈≈≈≈≈≈
≈≈≈≈≈≈≈≈# #..##≈≈≈≈≈≈≈≈≈≈≈≈≈≈
≈≈≈≈≈≈≈≈# #####≈≈≈≈≈≈≈≈≈≈≈≈≈≈
≈≈≈≈≈≈≈≈# #≈≈≈≈≈≈≈≈≈≈
≈≈≈≈≈≈≈≈# #≈≈≈≈≈≈≈≈


You could see an eldritch tentacle.

Vanquished Creatures
  Cerebov (Pan)
  6 pandemonium lords (Pan)
  Asmodeus (Geh:7)
  the Royal Jelly (Slime:6)
  Ereshkigal (Tar:7)
  Gloorx Vloq (Pan)
  A seraph (Pan)
  the Serpent of Hell (Tar:7)
  Mnoleg (Pan)
  Lom Lobon (Pan)
  2 orbs of fire
  Khufu (Crypt:2)
  Dispater (Dis:7)
  2 ancient liches
  A juggernaut (Depths:4)
  A shard shrike (Coc:6)
  Vashnia (Snake:3)
  Norris (Vaults:2)
  A Killer Klown (Zot:4)
  Geryon (Hell)
  A caustic shrike (shapeshifter) (Depths:3)
  12 golden dragons
  2 curse toes
  Xtahua (Crypt:3)
  An iron giant (Dis:7)
  25 Tzitzimimeh
  11 bone dragons
  A pearl dragon (Pan)
  10 liches
  53 large abominations
  18 Brimstone Fiends
  11 doom hounds
  19 tentacled monstrosities
  2 electric golems
  8 Ice Fiends
  7 Hell Sentinels
  Rupert (Orc:1)
  A deep elf blademaster (Elf:3)
  2 quicksilver dragons
  6 death cobs
  The ghost of ololoev the Fencer, an adept MiFi of Okawaru (Depths:3)
  6 titans
  27 Executioners
  28 acid blobs
  7 ancient champions
  A sphinx (shapeshifter) (Depths:3)
  2 sphinxes
  2 eldritch tentacles
  3 thorn hunters
  Roxanne (D:14)
  5 draconian monks
  6 tengu reavers
  11 tentacled starspawn
  23 shadow dragons
  14 storm dragons
  Kirke (Swamp:4)
  A storm dragon (shapeshifter) (Depths:3)
  7 greater nagas
  Agnes (Snake:4)
  4 draconian knights
  2 revenants
  16 daevas (Pan)
  18 azure jellies
  Donald (Snake:2)
  14 frost giants
  Maud (Lair:4)
  2 draconian scorchers (Zot:3)
  8 fire giants
  6 deep elf sorcerers
  The ghost of Leszczynek the Destroyer, a journeyman NaWz of Sif Muna (Swamp:2)
  18 cacodemons
  15 vault wardens
  39 balrugs
  5 iron dragons
  Louise (Snake:4)
  A ghost moth (Zot:2)
  Aizul (Snake:4)
  5 warmongers (Pan)
  5 deep elf elementalists
  35 angels
  5 draconian zealots
  7 curse skulls
  5 draconian shifters
  A caustic shrike zombie (Hell)
  8 draconian annihilators
  57 reapers
  14 war gargoyles
  17 ironheart preservers
  2 spriggan defenders (Depths:4)
  28 ophanim
  43 very ugly things
  12 vampire knights
  An apis (shapeshifter) (Depths:3)
  13 stone giants
  23 apis (Pan)
  2 corrupters (Pan)
  Nessos (D:14)
  10 lorocyprocas (Pan)
  8 blood saints (Pan)
  10 white draconians
  6 deep elf demonologists
  13 black draconians
  9 salamander stormcallers
  4 chaos champions (Pan)
  5 draconian callers
  13 green draconians
  13 deep elf annihilators
  Azrael (Orc:2)
  7 mottled draconians
  A dire elephant (shapeshifter) (Depths:3)
  8 purple draconians
  6 yellow draconians
  6 red draconians
  10 black suns (Pan)
  Snorg (Lair:7)
  23 blizzard demons
  14 deep elf death magi
  19 green deaths
  An ettin (shapeshifter) (Depths:5)
  22 crystal guardians
  28 vault guards
  A minotaur (Lab)
  A minotaur (shapeshifter) (Depths:3)
  4 mummy priests
  13 ettins
  9 jiangshi
  17 fire dragons
  2 quicksilver dragon zombies
  8 eidola
  3 deep elf high priests (Elf:3)
  15 death oozes (Slime:6)
  15 yaktaur captains
  Fannar (Lair:1)
  10 great orbs of eyes
  4 rakshasas
  A hydra (shapeshifter) (Vaults:5)
  20 small abominations
  4 quicksilver dragon skeletons
  5 entropy weavers
  21 ogre magi
  27 hydras
  A catoblepas (shapeshifter) (Depths:5)
  Erica (Lair:2)
  8 spriggan air magi
  25 ice dragons
  3 hell beasts
  14 anacondas
  11 monstrous demonspawn (Pan)
  10 naga warriors
  2 ghost crabs
  A catoblepas (Lair:7)
  10 centaur warriors
  A ghost crab (shapeshifter) (Depths:3)
  6 tengu warriors
  4 death knights
  27 dancing weapons
  35 hell hogs
  14 naga sharpshooters
  52 starcursed masses
  11 alligators
  5 deep troll earth magi
  5 death yaks
  11 vampire magi
  A hellephant zombie (Crypt:1)
  4 deep troll shamans
  6 titan zombies
  5 thrashing horrors
  5 storm dragon zombies
  8 shock serpents
  4 orc high priests (Orc:2)
  6 spriggan berserkers
  2 iron golems (Hell)
  14 deep elf knights
  44 soul eaters
  76 sun demons
  3 salamander mystics
  2 fire crabs (shapeshifter)
  6 wizards
  8 wretched stars
  8 titan skeletons
  12 shadow wraiths
  4 ghost moth zombies
  84 skeletal warriors
  15 hell knights
  A spatial maelstrom (Abyss:1)
  8 unseen horrors
  20 deep trolls
  A death drake (Abyss:4)
  2 unseen horrors (shapeshifter)
  5 golden dragon zombies
  8 giant orange brains
  20 cherubim
  7 shadow dragon zombies
  8 anaconda zombies
  6 hill giants
  4 obsidian statues
  An orange crystal statue (Depths:3)
  8 sea snakes (Snake:4)
  4 golden dragon skeletons
  9 infernal demonspawn (Pan)
  17 shadow demons
  11 swamp dragons
  6 gelid demonspawn (Pan)
  15 ironbrand convokers
  14 flayed ghosts
  4 storm dragon skeletons
  2 shambling mangroves (Swamp:4)
  6 wolf spider zombies
  11 torturous demonspawn (Pan)
  67 deep elf magi
  5 naga ritualists
  10 orc knights
  25 phantasmal warriors
  5 putrid demonspawn (Pan)
  A sphinx zombie (Crypt:1)
  19 deep elf archers
  6 wolf spiders
  A lindwurm (Lair:8)
  4 shadow dragon skeletons
  11 stone giant zombies
  5 anaconda skeletons
  21 necromancers
  7 frost giant zombies
  5 harpies (Vaults:5)
  15 mana vipers
  46 ugly things
  2 manticores
  2 hornets (Swamp:4)
  3 shining eyes
  6 griffons
  A griffon (shapeshifter) (Depths:3)
  7 fire giant zombies
  3 iron dragon zombies
  A manticore (shapeshifter) (Depths:3)
  5 cyclopes
  21 moths of wrath
  A hornet (shapeshifter) (Elf:2)
  4 oklob plants (Zot:1)
  A cyclops (shapeshifter) (Depths:3)
  30 sixfirhies
  6 worldbinders
  A sphinx skeleton (Vaults:1)
  A hell hog skeleton (Crypt:1)
  9 orc sorcerers
  28 salamanders
  A dire elephant zombie (Geh:7)
  A moth of wrath (shapeshifter) (Depths:3)
  4 centaur zombies
  An octopode (shapeshifter) (Elf:2)
  4 frost giant skeletons
  5 iron dragon skeletons
  4 apocalypse crabs
  12 elephants
  3 shock serpent zombies
  24 rust devils
  48 black mambas
  An elephant (shapeshifter) (Depths:3)
  5 stone giant skeletons
  7 guardian serpents (Snake:4)
  4 eyes of devastation
  16 naga magi
  3 spriggan zombies
  4 ice statues
  2 fire giant skeletons
  12 molten gargoyles
  A torpor snail (Lair:6)
  48 smoke demons
  15 vault sentinels
  6 gargoyles
  3 orc skeletons
  A guardian serpent (shapeshifter) (D:15)
  A yaktaur zombie (Hell)
  3 dire elephant skeletons
  An elf zombie (Depths:2)
  2 purple draconian zombies
  15 spiny frogs
  3 shock serpent skeletons
  21 orange demons
  5 rime drakes
  3 emperor scorpion zombies
  10 komodo dragons
  7 centaur skeletons
  34 hellions
  36 ice devils
  A catoblepas zombie (Tar:3)
  69 yaktaurs
  An entropy weaver zombie (Vaults:3)
  A redback zombie (Crypt:1)
  7 demonic crawlers (Pan)
  12 efreet
  5 kobold demonologists
  46 red devils
  5 tengu conjurers
  8 ancient zymes
  35 tormentors
  26 freezing wraiths
  7 guardian mummies
  3 harpy zombies
  A catoblepas skeleton (Tar:4)
  11 trolls
  16 hydra zombies
  A spriggan druid (Lair:8)
  A yellow draconian skeleton (Crypt:2)
  50 hellwings
  A jumping spider (shapeshifter) (Vaults:1)
  A queen bee (shapeshifter) (Vaults:4)
  5 burning bushes (Zot:1)
  25 two-headed ogres
  A queen bee (Lair:3)
  A black draconian skeleton (Crypt:1)
  A polar bear (shapeshifter) (Vaults:2)
  22 polar bears
  6 alligator zombies
  94 slime creatures
  10 hydra skeletons
  3 harpy skeletons
  2 ice dragon zombies
  4 jumping spiders
  6 giant leeches
  A wind drake (shapeshifter) (Abyss:4)
  12 bog bodies
  3 fire dragon zombies
  3 wind drakes (Depths:3)
  6 ettin zombies
  28 raiju
  10 boulder beetles
  A frost giant simulacrum (Crypt:1)
  2 slime creatures (shapeshifter) (Depths:3)
  25 blink frogs
  A fire dragon skeleton (Coc:6)
  3 black mamba zombies
  Sigmund (D:2)
  83 flying skulls
  5 wyverns
  21 spriggans
  A vampire (D:14)
  A shapeshifter (Elf:2)
  21 air elementals
  41 wraiths
  A spriggan (shapeshifter) (Depths:2)
  11 ettin skeletons
  18 redbacks
  2 tarantellas (Depths:5)
  4 alligator skeletons
  9 ice dragon skeletons
  22 water elementals
  101 yaks
  2 yaks (shapeshifter)
  A basilisk (shapeshifter) (Depths:5)
  44 ynoxinuls
  25 shadows
  A hog (shapeshifter) (Depths:4)
  A fire bat (shapeshifter) (Vaults:5)
  A dire elephant simulacrum (Crypt:1)
  A basilisk (Lair:8)
  A human (D:11)
  9 golden eyes
  12 hippogriffs
  A hog (Swamp:4)
  6 hungry ghosts
  29 fire elementals
  34 vampire mosquitoes
  13 chaos spawn
  20 neqoxecs
  2 black mamba skeletons
  15 swamp worms
  Menkaure (D:6)
  7 mottled dragons
  20 insubstantial wisps
  A soldier ant (D:15)
  2 wargs
  62 nagas
  A merfolk zombie (Dis:7)
  A mottled dragon (shapeshifter) (D:15)
  12 water moccasins
  2 giant eyeballs
  A hydra simulacrum (Hell)
  8 spiny frog zombies
  A giant eyeball (shapeshifter) (Depths:3)
  38 hell hounds
  A merfolk skeleton (Geh:7)
  8 porcupines
  A water nymph skeleton (Crypt:1)
  A deep troll skeleton (Crypt:1)
  7 swamp drakes
  30 orc warriors
  5 ice beasts
  2 spiny frog skeletons
  A sky beast (D:10)
  5 black bears
  3 eyes of draining
  A human zombie (Vaults:1)
  15 wasps
  15 necrophages
  9 phantoms
  A manticore zombie (Tar:4)
  3 snapping turtle zombies
  2 alligator simulacra
  17 crocodiles
  5 snapping turtle skeletons
  27 centaurs
  66 ogres
  59 wolves
  7 boggarts
  A manticore skeleton (Coc:3)
  3 swamp dragon zombies
  A torpor snail zombie (Crypt:1)
  6 big kobolds
  21 giant frogs
  A human skeleton (Vaults:1)
  A gnoll sergeant (D:12)
  9 earth elementals
  2 scorpions (shapeshifter)
  3 scorpions
  A water moccasin skeleton (D:12)
  9 wyvern skeletons
  A swamp dragon simulacrum (Abyss:4)
  28 killer bees
  A spriggan skeleton (Geh:6)
  A polar bear skeleton (Crypt:2)
  45 wights
  A troll skeleton (Geh:4)
  8 howler monkeys
  2 electric eels (Lair:8)
  24 crimson imps
  6 quasits
  A giant frog zombie (D:8)
  14 orc priests
  A wasp zombie (D:12)
  25 jellies
  A hound (shapeshifter) (Vaults:5)
  9 hounds
  A giant frog skeleton (D:10)
  25 orc wizards
  Ijyb (D:2)
  19 iron imps
  17 iguanas
  13 worker ants
  7 hell rats (Lair:2)
  A lightning spire (Zot:1)
  40 sheep
  A tengu skeleton (Coc:7)
  3 tengu zombies
  2 hound skeletons
  10 mummies
  2 worker ant zombies
  20 gnolls
  35 river rats
  17 adders
  A steam dragon skeleton (Crypt:2)
  7 shadow imps
  22 white imps
  An ufetubus (Abyss:2)
  An ooze (D:2)
  An adder zombie (D:9)
  2 adder skeletons
  An iguana skeleton (Crypt:2)
  3 worms
  3 dart slugs
  5 giant geckos
  90 orcs
  3 ball pythons
  A bat zombie (Crypt:1)
  4 giant cockroaches
  8 goblins
  5 hobgoblins
  7 jackals
  7 quokkas
  A ball python skeleton (D:4)
  3 bats
  A giant gecko skeleton (D:4)
  9 giant newts
  22 kobolds
  A kobold zombie (Crypt:3)
  A quokka zombie (D:8)
  7 rats
  3 briar patches (Swamp:4)
  7 crawling corpses
  9 fire vortices
  3 lurking horrors
  15 starspawn tentacles
  3 withered plants (Crypt:3)
5043 creatures vanquished.

Vanquished Creatures (collateral kills)
  An ancient lich (Crypt:1)
  A lich (Crypt:1)
  A jiangshi (Crypt:1)
  A soul eater (Crypt:1)
  A shadow wraith (Crypt:1)
  A smoke demon (Pan)
6 creatures vanquished.

Vanquished Creatures (others)
  Nikola (Snake:2)
  A tentacled monstrosity (Vaults:5)
  A deep elf master archer (Elf:3)
  A draconian scorcher (Zot:3)
  A draconian shifter (Zot:2)
  A deep elf elementalist (Elf:3)
  A salamander stormcaller (Hell)
  A purple draconian (Zot:3)
  A blizzard demon (Pan)
  2 deep elf high priests (Elf:3)
  Josephine (Lair:7)
  A death knight (Vaults:1)
  A hell hog (Dis:3)
  3 naga sharpshooters
  A sun demon (Pan)
  A wizard (Pan)
  A deep elf archer (Elf:1)
  A phantasmal warrior (Crypt:1)
  3 ironbrand convokers (Vaults:5)
  A deep elf mage (Elf:3)
  2 sixfirhies (Pan)
  A gargoyle (Depths:3)
  A smoke demon (Pan)
  A harpy zombie (Geh:4)
  A harpy skeleton (Geh:7)
  2 shadows
  A ynoxinul (Abyss:4)
  3 humans (Swamp:4)
  5 golden eyes (Abyss:4)
  A hog (shapeshifter) (Depths:3)
  A swamp worm (Swamp:4)
  A small abomination (Abyss:4)
  A hell hound (Tar:7)
  A naga (Snake:4)
  A wasp (Swamp:4)
  An ogre (Vaults:5)
  A hound (D:4)
  A worker ant (D:4)
  41 ball lightnings
  An orc (Orc:1)
  A jackal (D:4)
  A crawling corpse (Elf:3)
  A demonic plant (Pan)
  9 eldritch tentacle segments (Coc:7)
  2 fire vortices
  17 fungi
  14 lost souls
  2 lurking horrors
  14 plants
  13 starspawn tentacles
  306 starspawn tentacle segments
  9 toadstools (Swamp:1)
  2 withered plants (Crypt:3)
484 creatures vanquished.

Grand Total: 5533 creatures vanquished

Notes
Turn   | Place    | Note
--------------------------------------------------------------
     0 | D:1      | wvc the Minotaur Monk began the quest for the Orb.
     0 | D:1      | Reached XP level 1. HP: 19/19 MP: 0/0
   298 | D:1      | Reached XP level 2. HP: 22/26 MP: 1/1
   403 | D:2      | Reached skill level 5 in Unarmed Combat
   523 | D:2      | Reached XP level 3. HP: 24/31 MP: 2/2
   753 | D:2      | Found a stormy altar of Qazlal.
   847 | D:2      | Noticed Ijyb
   855 | D:2      | Killed Ijyb
   855 | D:2      | Reached XP level 4. HP: 30/39 MP: 3/3
   911 | D:2      | Noticed Sigmund
   916 | D:2      | Killed Sigmund
   916 | D:2      | Reached XP level 5. HP: 44/45 MP: 4/4
  1183 | D:3      | Reached XP level 6. HP: 42/51 MP: 5/5
  1432 | D:3      | Found a blossoming altar of Fedhas.
  1496 | D:3      | Found a faded altar to an unknown god.
  1509 | D:3      | Became a worshipper of the Shining One
  1509 | D:3      | Reached * piety under the Shining One
  1509 | D:3      | Reached ** piety under the Shining One
  1608 | D:4      | Found Zaikoj's Antique Weapon Boutique.
  1616 | D:4      | Bought a blackened quarterstaff for 225 gold pieces
  1616 | D:4      | Identified the +5 quarterstaff of Truth {crush, Str+4} (You bought it in a shop on level 4 of the Dungeon)
  1627 | D:4      | Found Ciceisai's Antique Weapon Emporium.
  1672 | D:4      | Found Nabucuco's Antique Weapon Boutique.
  1748 | D:4      | Found a radiant altar of Vehumet.
  1783 | D:4      | Reached *** piety under the Shining One
  1783 | D:4      | Reached skill level 1 in Staves
  1795 | D:4      | Reached skill level 1 in Armour
  1827 | D:4      | Reached XP level 7. HP: 38/59 MP: 6/6
  2085 | D:4      | Found Tebar's Antique Armour Boutique.
  2133 | D:4      | Found Yceg's Food Boutique.
  2175 | D:4      | Found a shimmering altar of Xom.
  2260 | D:4      | Noticed a moth of wrath
  2263 | D:4      | Found a bloodstained altar of Trog.
  2351 | D:5      | Entered Level 5 of the Dungeon
  2423 | D:5      | Reached skill level 5 in Fighting
  2423 | D:5      | Reached XP level 8. HP: 58/68 MP: 7/7
  2438 | D:5      | Reached skill level 5 in Dodging
  2504 | D:5      | Reached skill level 5 in Staves
  2667 | D:5      | Found a glowing silver altar of Zin.
  2937 | D:6      | Found Usmoaj's Weapon Shop.
  2941 | D:6      | Reached **** piety under the Shining One
  2969 | D:6      | Got a transparent leather armour
  2980 | D:6      | Identified the cursed +0 leather armour "Mosunim" {rPois rCorr Int-5 Dex-4} (You found it on level 6 of the Dungeon)
  3046 | D:6      | Found an oddly glowing altar of Pakellas.
  3133 | D:6      | Found a staircase to the Ecumenical Temple.
  3136 | D:6      | Noticed Menkaure
  3142 | D:6      | Killed Menkaure
  3455 | D:6      | Reached skill level 1 in Axes
  3926 | D:7      | Found Wegez's General Store.
  3969 | D:7      | HP: 3/70 [orc priest/divine providence (15)]
  3976 | D:8      | HP: 2/70 [poisoned by a worker ant]
  4299 | D:7      | Reached XP level 9. HP: 74/75 MP: 8/8
  4736 | D:8      | Reached skill level 5 in Armour
  4898 | D:8      | Found a white marble altar of Elyvilon.
  5059 | D:8      | Found a deep blue altar of Sif Muna.
  5766 | D:9      | Reached ***** piety under the Shining One
  5859 | D:9      | Reached skill level 5 in Axes
  5998 | D:10     | Entered Level 10 of the Dungeon
  6040 | D:10     | Reached XP level 10. HP: 90/90 MP: 9/9
  6494 | D:10     | Noticed a hill giant
  6511 | D:10     | Killed a hill giant
  7346 | D:10     | Found a staircase to the Orcish Mines.
  7364 | D:10     | Got a transparent shield
  7582 | D:11     | Found a staircase to the Lair.
  7602 | D:11     | Reached skill level 10 in Fighting
  7786 | D:11     | Noticed a manticore
  7795 | D:11     | Killed a manticore
  7795 | D:11     | Reached XP level 11. HP: 14/101 MP: 10/10
  8118 | D:11     | Found a white marble altar of Elyvilon.
  8626 | D:11     | Noticed a hill giant
  8773 | D:12     | Reached skill level 10 in Dodging
  8948 | D:11     | Killed a hill giant
  9585 | Lair:1   | Entered Level 1 of the Lair of Beasts
  9638 | Lair:1   | Identified the +5 shield "Woloigh" {rCorr Str+2 Int-2 Dex+4} (You found it on level 10 of the Dungeon)
 10045 | Lair:1   | Learned a level 1 spell: Apportation
 10047 | Lair:1   | Learned a level 1 spell: Summon Butterflies
 10170 | Lair:1   | Noticed a four-headed hydra
 10184 | Lair:1   | Killed a four-headed hydra
 10489 | Lair:1   | Noticed Fannar
 10514 | Lair:1   | Killed Fannar
 10514 | Lair:1   | Reached XP level 12. HP: 79/112 MP: 11/11
 11619 | Lair:2   | Reached skill level 10 in Armour
 11683 | Lair:2   | Noticed an eight-headed hydra
 11692 | Lair:2   | Killed an eight-headed hydra
 11999 | Lair:2   | Noticed Erica
 12009 | Lair:2   | Killed Erica
 13006 | Lair:3   | Found a frozen archway.
 13006 | Lair:3   | Reached ****** piety under the Shining One
 13044 | IceCv    | Entered an ice cave
 13121 | IceCv    | Reached skill level 10 in Axes
 13437 | IceCv    | Reached XP level 13. HP: 115/122 MP: 12/12
 13805 | IceCv    | Noticed a frost giant
 13827 | IceCv    | Killed a frost giant
 15465 | Lair:4   | Found a staircase to the Snake Pit.
 15719 | Lair:4   | Noticed Maud
 15738 | Lair:4   | HP: 4/187 [Maud/great sword of holy wrath (27)]
 15740 | Lair:4   | Killed Maud
 16374 | Lair:4   | Reached skill level 15 in Dodging
 17504 | Lair:6   | Reached XP level 14. HP: 133/133 MP: 13/13
 17631 | Lair:6   | Found a staircase to the Slime Pits.
 17638 | Lair:6   | Reached skill level 15 in Fighting
 18175 | Lair:6   | Found a staircase to the Swamp.
 18660 | Lair:7   | Noticed Josephine
 18667 | Lair:7   | Killed Josephine
 19429 | Lair:7   | Noticed Snorg
 19456 | Lair:7   | Killed Snorg
 19923 | Lair:8   | Entered Level 8 of the Lair of Beasts
 21333 | Lair:8   | Reached XP level 15. HP: 107/144 MP: 14/14
 22856 | D:13     | Found a labyrinth entrance.
 22864 | Lab      | Entered a labyrinth
 23187 | Lab      | Learned a level 3 spell: Spectral Weapon
 23187 | Lab      | Got a transparent steel ring
 23189 | Lab      | Identified the ring of Wonder {rF+ EV+3 Dex+5} (You found it in a labyrinth)
 23424 | D:6      | Bought the +11 battleaxe "Xibos" {chop, +Fly rF+ MR+ Dex+4} for 1327 gold pieces
 23538 | Orc:1    | Entered Level 1 of the Orcish Mines
 23672 | Orc:1    | Found a bloodstained altar of Trog.
 23889 | Orc:2    | Entered Level 2 of the Orcish Mines
 23894 | Orc:2    | Noticed Azrael
 23899 | Orc:2    | Noticed Rupert
 24069 | Orc:1    | Killed Rupert
 24150 | Orc:2    | Killed Azrael
 24210 | Orc:2    | Found a staircase to the Elven Halls.
 24309 | Orc:2    | Found Labas's General Store.
 24323 | Orc:2    | Paralysed by an orc sorcerer for 2 turns
 24665 | Orc:1    | Found Kiorec's Magic Scroll Emporium.
 24672 | Orc:1    | Bought a scroll of enchant armour for 105 gold pieces
 24672 | Orc:1    | Bought a scroll of blinking for 105 gold pieces
 24672 | Orc:1    | Bought a scroll of identify for 28 gold pieces
 24672 | Orc:1    | Bought a scroll of recharging for 133 gold pieces
 24691 | Orc:2    | Found a roughly hewn altar of Beogh.
 24903 | Orc:2    | Found Essetari's General Store.
 24905 | Orc:2    | Reached skill level 15 in Axes
 24916 | Orc:2    | Found Lomamm's Distillery.
 24916 | Orc:2    | Found Buykicw's Food Emporium.
 24934 | Orc:2    | Bought a potion of might for 60 gold pieces
 24934 | Orc:2    | Bought 2 potions of berserk rage for 150 gold pieces
 25418 | D:14     | Noticed Roxanne
 25438 | D:14     | Killed Roxanne
 25455 | D:14     | Identified Roxanne's Papyrus of Clay (You took it off Roxanne on level 14 of the Dungeon)
 25539 | D:14     | Noticed Nessos
 25549 | D:14     | Killed Nessos
 25609 | D:14     | Found a shattered altar of Ashenzari.
 25669 | D:14     | Found a gate to the Vaults.
 25748 | D:14     | Reached XP level 16. HP: 152/152 MP: 15/15
 26080 | D:15     | Entered Level 15 of the Dungeon
 26156 | D:15     | Found Hueval's Food Emporium.
 27370 | D:15     | Found a staircase to the Depths.
 28396 | D:4      | Bought a runed scale mail for 92 gold pieces
 28714 | Swamp:1  | Entered Level 1 of the Swamp
 28803 | Swamp:1  | Noticed a thorn hunter
 28818 | Swamp:1  | Killed a thorn hunter
 29509 | Swamp:2  | Noticed Leszczynek's ghost (journeyman NaWz)
 29539 | Swamp:2  | Killed Leszczynek's ghost
 30216 | Swamp:3  | Noticed a thorn hunter
 30229 | Swamp:3  | Killed a thorn hunter
 30381 | Swamp:3  | Reached XP level 17. HP: 95/159 MP: 16/16
 31433 | Swamp:4  | Entered Level 4 of the Swamp
 31582 | Swamp:4  | Reached skill level 1 in Invocations
 32072 | Swamp:4  | Noticed Kirke
 32080 | Swamp:4  | Killed Kirke
 32288 | Swamp:4  | Got a decaying rune of Zot
 32763 | Snake:1  | Entered Level 1 of the Snake Pit
 33190 | Snake:1  | Learned a level 2 spell: Blink
 33193 | Snake:1  | Learned a level 2 spell: Repel Missiles
 33542 | Snake:2  | Reached XP level 18. HP: 172/172 MP: 19/22
 33828 | Snake:2  | Noticed Donald
 33846 | Snake:2  | Killed Donald
 34190 | Snake:2  | Noticed Nikola
 34207 | Snake:2  | Killed Nikola
 34241 | Snake:2  | Reached XP level 19. HP: 143/180 MP: 23/23
 35231 | Snake:3  | Noticed Vashnia
 35748 | Snake:3  | Killed Vashnia
 36003 | Snake:4  | Entered Level 4 of the Snake Pit
 36084 | Snake:4  | Noticed Aizul
 36107 | Snake:4  | Killed Aizul
 36305 | Snake:4  | Noticed Louise
 36323 | Snake:4  | Killed Louise
 36479 | Snake:4  | Noticed Agnes
 36487 | Snake:4  | Killed Agnes
 38598 | Snake:4  | Reached XP level 20. HP: 194/194 MP: 26/26
 38689 | Snake:4  | Got a serpentine rune of Zot
 39008 | Elf:1    | Entered Level 1 of the Elven Halls
 39573 | Elf:1    | Reached skill level 10 in Invocations
 39639 | Elf:1    | Identified the Catalogue of Arcane Weapons and the Entourage
 40618 | Elf:2    | Found a huge runed gate.
 40626 | Elf:2    | Found a huge runed gate.
 40627 | Elf:2    | Found a huge runed gate.
 40629 | Elf:2    | Found a huge runed gate.
 40629 | Elf:2    | Found a huge runed gate.
 40819 | Elf:3    | Entered Level 3 of the Elven Halls
 40835 | Elf:3    | Found Fiprughe's Book Shoppe.
 40849 | Elf:3    | Found Xuipsizio's Gadget Emporium.
 40910 | Elf:3    | Found Dozathryi's Gadget Shop.
 40915 | Elf:3    | Bought a wand of teleportation (5/9) for 540 gold pieces
 41011 | Elf:3    | Found Fiuwameub's Gadget Shoppe.
 42269 | Elf:3    | Reached XP level 21. HP: 207/207 MP: 28/28
 42778 | Vaults:1 | Entered Level 1 of the Vaults
 43742 | Vaults:2 | Found Atuzuz's Jewellery Emporium.
 43751 | Vaults:2 | Bought the ring "Virowk" {+Blink EV+3 SInv} for 744 gold pieces
 43778 | Vaults:2 | Noticed Norris
 43797 | Vaults:2 | Killed Norris
 44125 | Vaults:2 | Identified a scroll of acquirement
 44126 | Vaults:2 | Got a pair of faintly humming boots
 44137 | Vaults:2 | Identified the +0 pair of boots of the Shoals {rC+ SInv} (You acquired it on level 2 of the Vaults)
 44268 | Vaults:2 | Found a staircase to the Crypt.
 45704 | Vaults:3 | Reached XP level 22. HP: 206/223 MP: 29/29
 46326 | Vaults:4 | Found Amuoloeh's Magic Scroll Shoppe.
 46334 | Vaults:4 | Bought a scroll of teleportation for 30 gold pieces
 46334 | Vaults:4 | Bought a scroll of teleportation for 30 gold pieces
 46334 | Vaults:4 | Bought 2 scrolls of recharging for 190 gold pieces
 46334 | Vaults:4 | Bought a scroll of recharging for 95 gold pieces
 46334 | Vaults:4 | Bought a scroll of enchant armour for 75 gold pieces
 48307 | Vaults:5 | Entered Level 5 of the Vaults
 48331 | Vaults:5 | Noticed a golden dragon
 48340 | Vaults:5 | Reached XP level 23. HP: 156/237 MP: 30/30
 48738 | Vaults:5 | Reached skill level 27 in Fighting
 49207 | Vaults:4 | Reached skill level 15 in Armour
 51066 | Vaults:5 | Got a silver rune of Zot
 51080 | Vaults:5 | Got a twitching graven amulet
 51081 | Vaults:5 | Identified the amulet "Gyecics" {+Rage rPois rC- rN+ Dex+3} (You found it on level 5 of the Vaults)
 51490 | Depths:1 | Entered Level 1 of the Depths
 51501 | Depths:1 | Found a flickering gateway to a bazaar.
 51516 | Depths:1 | Found a one-way gate leading to the halls of Pandemonium.
 51521 | Bazaar   | Entered a bazaar
 51525 | Bazaar   | Found Suqoid's Jewellery Boutique.
 51543 | Bazaar   | Found Ybridghos's Weapon Emporium.
 51560 | Bazaar   | Found Maamofy's Book Boutique.
 51577 | Bazaar   | Found Deikhley's Antique Armour Shoppe.
 51733 | Depths:1 | Reached XP level 24. HP: 236/249 MP: 30/30
 51913 | Depths:1 | Found a gateway to Hell.
 52124 | Depths:2 | Found Decutan's Distillery.
 52133 | Depths:2 | Bought a potion of agility for 72 gold pieces
 52133 | Depths:2 | Bought a potion of curing for 54 gold pieces
 52133 | Depths:2 | Bought a potion of heal wounds for 90 gold pieces
 52133 | Depths:2 | Bought a potion of haste for 180 gold pieces
 52133 | Depths:2 | Bought a potion of curing for 54 gold pieces
 52133 | Depths:2 | Bought a potion of heal wounds for 90 gold pieces
 52761 | Depths:2 | Found Eduicug's Weapon Emporium.
 53214 | Depths:3 | Noticed ololoev's ghost (adept MiFi)
 53893 | Depths:3 | Killed ololoev's ghost
 54507 | Depths:3 | Gained mutation: Your spells are a little easier to cast, but a little less powerful. [a neqoxec]
 54614 | Depths:3 | Found a gateway to a ziggurat.
 54741 | Depths:3 | Identified the Compendium of Evil Rites
 55073 | Depths:4 | Noticed a juggernaut
 55099 | Depths:4 | Killed a juggernaut
 55428 | Depths:4 | Reached XP level 25. HP: 232/257 MP: 30/30
 55603 | Depths:4 | Found a one-way gate to the infinite horrors of the Abyss.
 56046 | Depths:5 | Entered Level 5 of the Depths
 57111 | Depths:5 | Found a burning altar of Makhleb.
 57783 | Depths:5 | Found a gate to the Realm of Zot.
 57789 | Depths:5 | Upgraded the game from 0.19-a0-45-g2c295ea to 0.19-a0-49-gb8736b8
 58125 | Slime:1  | Entered Level 1 of the Pits of Slime
 58153 | Slime:1  | Gained mutation: You regenerate slowly when monsters are visible. [a shining eye]
 58737 | Slime:5  | Gained mutation: You are frail (-10% HP). [a shining eye]
 58739 | Slime:5  | Gained mutation: Scrolls take you a little longer to read. [a shining eye]
 58764 | Slime:5  | Lost mutation: You are frail (-10% HP). [potion of cure mutation]
 58764 | Slime:5  | Lost mutation: You regenerate slowly when monsters are visible. [potion of cure mutation]
 58764 | Slime:5  | Lost mutation: Scrolls take you a little longer to read. [potion of cure mutation]
 58764 | Slime:5  | Lost mutation: Your spells are a little easier to cast, but a little less powerful. [potion of cure mutation]
 58766 | Slime:6  | Entered Level 6 of the Pits of Slime
 59020 | Slime:6  | Noticed the Royal Jelly
 59675 | Slime:6  | Killed the Royal Jelly
 60155 | Slime:6  | Got a slimy rune of Zot
 60720 | Crypt:1  | Entered Level 1 of the Crypt
 60760 | Crypt:1  | Reached XP level 26. HP: 266/266 MP: 30/30
 61167 | Crypt:1  | Found a huge runed gate.
 61167 | Crypt:1  | Found a huge runed gate.
 61168 | Crypt:1  | Found a huge runed gate.
 61169 | Crypt:1  | Found a huge runed gate.
 61170 | Crypt:1  | Found a huge runed gate.
 61171 | Crypt:1  | Found a huge runed gate.
 61177 | Crypt:1  | Found a huge runed gate.
 61178 | Crypt:1  | Found a huge runed gate.
 61178 | Crypt:1  | Found a huge runed gate.
 61178 | Crypt:1  | Found a huge runed gate.
 61178 | Crypt:1  | Found a huge runed gate.
 61178 | Crypt:1  | Found a huge runed gate.
 61178 | Crypt:1  | Found a huge runed gate.
 61179 | Crypt:1  | Found a huge runed gate.
 61193 | Crypt:1  | Found a huge runed gate.
 61193 | Crypt:1  | Found a huge runed gate.
 61193 | Crypt:1  | Found a huge runed gate.
 61193 | Crypt:1  | Found a huge runed gate.
 61193 | Crypt:1  | Found a huge runed gate.
 61193 | Crypt:1  | Found a huge runed gate.
 61193 | Crypt:1  | Found a huge runed gate.
 61194 | Crypt:1  | Found a huge runed gate.
 61195 | Crypt:1  | Found a huge runed gate.
 61219 | Crypt:1  | Found a huge runed gate.
 61220 | Crypt:1  | Found a huge runed gate.
 61221 | Crypt:1  | Found a huge runed gate.
 61222 | Crypt:1  | Found a huge runed gate.
 61223 | Crypt:1  | Found a huge runed gate.
 61224 | Crypt:1  | Found a huge runed gate.
 61225 | Crypt:1  | Found a huge runed gate.
 61226 | Crypt:1  | Found a huge runed gate.
 61227 | Crypt:1  | Found a huge runed gate.
 61280 | Crypt:1  | Found a shimmering altar of Xom.
 61286 | Crypt:1  | Found a huge runed gate.
 61286 | Crypt:1  | Found a huge runed gate.
 61286 | Crypt:1  | Found a huge runed gate.
 61596 | Crypt:1  | Noticed an ancient lich
 61601 | Crypt:1  | Killed an ancient lich
 61786 | Crypt:2  | Reached skill level 27 in Axes
 61881 | Crypt:2  | Got a pitted war axe
 61882 | Crypt:2  | Identified the +7 war axe of Foul Odors {chop, rC+ Stlth+} (You found it on level 2 of the Crypt)
 62305 | Crypt:2  | Noticed Khufu
 62323 | Crypt:2  | Killed Khufu
 62668 | Crypt:3  | Entered Level 3 of the Crypt
 62783 | Crypt:3  | Noticed Xtahua
 62791 | Crypt:3  | Killed Xtahua
 62799 | Crypt:3  | Killed the ghostly Xtahua
 63189 | Crypt:3  | Noticed an ancient lich
 63206 | Crypt:3  | Killed an ancient lich
 63266 | Crypt:3  | Got a faintly glowing war axe
 63267 | Crypt:3  | Identified the +1 war axe of Conflict {holy, +Inv Dex+2} (You found it on level 3 of the Crypt)
 63272 | Crypt:3  | Identified a +9 executioner's axe of holy wrath (a +9 executioner's axe of freezing blessed by the Shining One)
 63272 | Crypt:3  | Received a gift from the Shining One
 63506 | Crypt:3  | Found an ancient bone altar of Kikubaaqudgha.
 63800 | Crypt:3  | Found a staircase to the Tomb.
 63825 | Crypt:3  | Identified the Reference Book on Evil
 64558 | Hell     | Entered the Vestibule of Hell
 64558 | Hell     | Noticed Geryon
 64627 | Hell     | Reached XP level 27. HP: 273/273 MP: 30/30
 64661 | Hell     | Killed Geryon
 64816 | Hell     | Found a gateway to the Iron City of Dis.
 64914 | Hell     | Found a gateway to the ashen valley of Gehenna.
 65086 | Hell     | Found a gateway to the decaying netherworld of Tartarus.
 65304 | Depths:4 | Voluntarily entered the Abyss.
 65507 | Abyss:2  | Found a corrupted altar of Lugonu.
 65776 | Abyss:2  | Paralysed by accursed screaming for 1 turns
 65888 | Abyss:2  | Found a basalt altar of Yredelemnul.
 66104 | Abyss:2  | Reached skill level 27 in Armour
 66157 | Abyss:2  | Found a burning altar of Makhleb.
 66313 | Abyss:4  | Paralysed by accursed screaming for 1 turns
 66875 | Abyss:4  | Found an opulent altar of Gozag.
 67001 | Abyss:4  | Found a snail-covered altar of Cheibriados.
 67148 | Abyss:4  | Found a corrupted altar of Lugonu.
 67225 | Abyss:4  | Paralysed by accursed screaming for 1 turns
 67229 | Abyss:4  | Paralysed by accursed screaming for 2 turns
 67231 | Abyss:4  | HP: 12/273 [starcursed mass/accursed screaming (19)]
 67501 | Abyss:4  | Paralysed by accursed screaming for 2 turns
 67506 | Abyss:4  | Paralysed by accursed screaming for 2 turns
 67552 | Abyss:4  | Found a glowing golden altar of the Shining One.
 67613 | Abyss:4  | Got an abyssal rune of Zot
 67872 | Abyss:4  | Found a corrupted altar of Lugonu.
 67932 | Abyss:4  | Gained mutation: You occasionally shout uncontrollably at your foes. [a neqoxec]
 67967 | Depths:4 | Escaped the Abyss
 67968 | Depths:4 | Lost mutation: You occasionally shout uncontrollably at your foes. [potion of cure mutation]
 68033 | Zot:1    | Entered Level 1 of the Realm of Zot
 68112 | Zot:1    | Got a translucent tin amulet
 68113 | Zot:1    | Identified the amulet of the Saviour {MR+ Regen+ MP+9 Dex-4} (You found it on level 1 of the Realm of Zot)
 69156 | Zot:1    | Reached skill level 27 in Dodging
 70606 | Zot:3    | Reached skill level 15 in Invocations
 70956 | Zot:3    | Noticed an orb of fire
 70961 | Zot:3    | Gained mutation: You are dopey. (Int -2) [an orb of fire]
 70979 | Zot:3    | Killed an orb of fire
 71373 | Zot:4    | Noticed an orb of fire
 71381 | Zot:4    | Gained mutation: You expend magic power (3 MP) to strengthen your wands. [an orb of fire]
 71402 | Zot:4    | Killed an orb of fire
 72564 | Depths:5 | Lost mutation: You expend magic power (3 MP) to strengthen your wands. [potion of cure mutation]
 72564 | Depths:5 | Lost mutation: You are dopey. (Int -2) [potion of cure mutation]
 72566 | Pan      | Entered Pandemonium
 73961 | Pan      | Noticed a seraph
 73978 | Pan      | Killed a seraph
 73998 | Pan      | Got a vibrating tin amulet
 74037 | Pan      | Found a glowing golden altar of the Shining One.
 74073 | Pan      | Got a warped granite ring
 74075 | Pan      | Got a demonic rune of Zot
 74076 | Pan      | Identified the amulet of the Failed Coup {Spirit rF+ SInv} (You took it off a seraph in Pandemonium)
 74078 | Pan      | Identified the ring of the Failed Coup {Ice rN+++ MR- Int+9} (You found it in Pandemonium)
 74313 | Pan      | Found a glowing silver altar of Zin.
 76450 | Pan      | Gained mutation: You regenerate slowly when monsters are visible. [a cacodemon]
 76453 | Pan      | Gained mutation: Your flesh is heat resistant. [a cacodemon]
 76463 | Pan      | Lost mutation: Your flesh is heat resistant. [potion of cure mutation]
 76463 | Pan      | Lost mutation: You regenerate slowly when monsters are visible. [potion of cure mutation]
 76773 | Pan      | Found an exit through the horrors of the Abyss.
 77124 | Pan      | Found an exit through the horrors of the Abyss.
 77448 | Pan      | Noticed Hentorch the pandemonium lord
 77473 | Pan      | Killed Hentorch the pandemonium lord
 78135 | Pan      | Found a huge runed gate.
 78210 | Pan      | Found an exit through the horrors of the Abyss.
 78724 | Pan      | Found an exit through the horrors of the Abyss.
 79060 | Pan      | Found a runed door.
 79062 | Pan      | Found a runed door.
 79203 | Pan      | Entered the realm of Cerebov.
 79497 | Pan      | Got a shimmering steam dragon armour
 79498 | Pan      | Identified the +2 steam dragon armour of Yrriraukhu {Str+5} (You took it off a balrug in Pandemonium)
 79536 | Pan      | Got a brightly glowing bronze ring
 79541 | Pan      | Identified the ring "Jekeoh" {SustAt rN+++ MR+ MP-9 Str+2} (You found it in Pandemonium)
 79565 | Pan      | Found an exit through the horrors of the Abyss.
 79933 | Pan      | Got a shimmering granite ring
 79947 | Pan      | Identified the ring of Zaxe {EV+5 Str+3} (You took it off a balrug in Pandemonium)
 80275 | Pan      | Identified Afoigo's Incunabulum of the Sinister Mountains
 80305 | Pan      | Identified the Incunabulum of Nocuous Translocation
 80328 | Pan      | Noticed Cerebov
 80361 | Pan      | Killed Cerebov
 80371 | Pan      | Got a fiery rune of Zot
 80878 | Pan      | Noticed Uwoheeh the pandemonium lord
 80904 | Pan      | Killed Uwoheeh the pandemonium lord
 80960 | Pan      | Noticed Iru Ygink the pandemonium lord
 80999 | Pan      | Killed Iru Ygink the pandemonium lord
 80999 | Pan      | Reached skill level 27 in Invocations
 81104 | Pan      | Found an exit through the horrors of the Abyss.
 81113 | Pan      | Entered the realm of Lom Lobon.
 81460 | Pan      | Identified the Incunabulum of Creation and Clay (You found it in Pandemonium)
 81562 | Pan      | Reached skill level 1 in Translocations
 81601 | Pan      | Reached skill level 5 in Spellcasting
 81635 | Pan      | Noticed Lom Lobon
 82149 | Pan      | Found an exit through the horrors of the Abyss.
 82366 | Pan      | Killed Lom Lobon
 82394 | Pan      | Got a magical rune of Zot
 82689 | Pan      | Gained mutation: Your body sometimes deteriorates upon taking damage. [a cacodemon]
 82707 | Pan      | Lost mutation: Your body sometimes deteriorates upon taking damage. [potion of cure mutation]
 82743 | Pan      | Found an exit through the horrors of the Abyss.
 82745 | Pan      | Noticed Zoerikeph the pandemonium lord
 82780 | Pan      | Killed Zoerikeph the pandemonium lord
 82804 | Pan      | Reached skill level 5 in Translocations
 83575 | Pan      | Found an exit through the horrors of the Abyss.
 83577 | Pan      | Noticed Iha Egel the pandemonium lord
 83656 | Pan      | Killed Iha Egel the pandemonium lord
 83819 | Pan      | Found an exit through the horrors of the Abyss.
 84076 | Pan      | Noticed Kemar the pandemonium lord
 84906 | Pan      | Found an exit through the horrors of the Abyss.
 85694 | Pan      | Found a runed door.
 85703 | Pan      | Found a runed door.
 85754 | Pan      | Found a runed door.
 85759 | Pan      | Found a runed door.
 85853 | Pan      | Noticed Balucuij the pandemonium lord
 85882 | Pan      | Killed Balucuij the pandemonium lord
 86003 | Pan      | Entered the realm of Gloorx Vloq.
 86025 | Pan      | Found an exit through the horrors of the Abyss.
 86035 | Pan      | Upgraded the game from 0.19-a0-49-gb8736b8 to 0.19-a0-53-ge6e6435
 86302 | Pan      | Reached skill level 10 in Spellcasting
 86336 | Pan      | Got a pair of smoking gloves
 86337 | Pan      | Identified the +0 pair of gloves of Shielding {rElec Str+2} (You found it in Pandemonium)
 87407 | Pan      | Noticed Gloorx Vloq
 87416 | Pan      | Killed Gloorx Vloq
 87446 | Pan      | Got a dark rune of Zot
 87636 | Pan      | Entered the realm of Mnoleg.
 87644 | Pan      | Reached skill level 10 in Translocations
 87682 | Pan      | Learned a level 9 spell: Tornado
 87684 | Pan      | Found an exit through the horrors of the Abyss.
 87909 | Pan      | Gained mutation: You occasionally shout uncontrollably at your foes. [a neqoxec]
 87945 | Pan      | Reached skill level 1 in Air Magic
 87960 | Pan      | Gained mutation: Scrolls take you a little longer to read. [a cacodemon]
 87978 | Pan      | Noticed Mnoleg
 87998 | Pan      | Killed Mnoleg
 87999 | Pan      | Gained mutation: Armour fits poorly on your strangely shaped body. [a neqoxec]
 88021 | Pan      | Gained mutation: Your body sometimes deteriorates upon taking damage. [a cacodemon]
 88053 | Pan      | Reached skill level 5 in Air Magic
 88079 | Pan      | Got a glowing rune of Zot
 88157 | Pan      | Took an exit into the Abyss.
 88157 | Abyss:1  | Escaped into the Abyss
 88225 | Depths:5 | Escaped the Abyss
 88226 | Depths:5 | Lost mutation: Your body sometimes deteriorates upon taking damage. [potion of cure mutation]
 88226 | Depths:5 | Lost mutation: Scrolls take you a little longer to read. [potion of cure mutation]
 88226 | Depths:5 | Lost mutation: You occasionally shout uncontrollably at your foes. [potion of cure mutation]
 88226 | Depths:5 | Lost mutation: Armour fits poorly on your strangely shaped body. [potion of cure mutation]
 88295 | Tar:1    | Entered Level 1 of Tartarus
 89450 | Tar:7    | Entered Level 7 of Tartarus
 89460 | Tar:7    | Reached skill level 10 in Air Magic
 89842 | Tar:7    | Got a vibrating turquoise ring
 89850 | Tar:7    | Identified the Almanac of Igneous Intoxication
 89852 | Tar:7    | Identified the ring "Leco Apu" {+Fly rElec Int+4 Dex-4} (You found it on level 7 of Tartarus)
 89955 | Tar:7    | Noticed the Serpent of Hell
 89957 | Tar:7    | Upgraded the game from 0.19-a0-53-ge6e6435 to 0.19-a0-61-g4dc4c6e
 90317 | Tar:7    | Killed the Serpent of Hell
 90610 | Tar:7    | Noticed an ancient lich
 90623 | Tar:7    | Killed an ancient lich
 90952 | Tar:7    | Noticed Ereshkigal
 90986 | Tar:7    | Killed Ereshkigal
 91022 | Tar:7    | Got a bone rune of Zot
 91167 | Dis:1    | Entered Level 1 of the Iron City of Dis
 91993 | Dis:5    | Gained mutation: You are frail (-10% HP). [mutagenic glow]
 92065 | Dis:7    | Entered Level 7 of the Iron City of Dis
 92119 | Dis:7    | Reached skill level 15 in Air Magic
 92888 | Dis:7    | Noticed Dispater
 92905 | Dis:7    | Killed Dispater
 92967 | Dis:7    | Got an iron rune of Zot
 93185 | Geh:1    | Entered Level 1 of Gehenna
 94217 | Geh:7    | Entered Level 7 of Gehenna
 94892 | Geh:7    | Noticed Asmodeus
 94910 | Geh:7    | Killed Asmodeus
 94912 | Geh:7    | Got a sparkling lapis lazuli ring
 94915 | Geh:7    | Identified the ring "Ysebur" {rCorr rElec rF+} (You took it off Asmodeus on level 7 of Gehenna)
 94929 | Geh:7    | Got an obsidian rune of Zot
 95009 | Geh:7    | Reached skill level 15 in Spellcasting
 95274 | Hell     | Found a gateway to the freezing wastes of Cocytus.
 95296 | Coc:1    | Entered Level 1 of Cocytus
 96175 | Coc:7    | Entered Level 7 of Cocytus
 96525 | Coc:7    | Noticed Antaeus
 96540 | Coc:7    | HP: 3/235 [Antaeus (19)]
 96554 | Coc:7    | HP: 7/235 [eldritch tentacle[the effects of Hell] (5)]
 96554 | Coc:7    | Slain by an eldritch tentacle

Vault maps used:
D:1:      elethiomel_arrival_shortcut, hangedman_decor_slide_cut
D:2:      lemuel_crystal_altar, uniq_sigmund, uniq_iyjb
D:3:      ecumenical_altar_1, fedhas_altar_3
D:4:      xom_confusion_cloud, tgw_trog, lemuel_doored_altar, first_bread,
          serial_shops, kennysheep_little_box, shop, kennysheep_mini_moat,
          shop_statue, nicolae_shop_waterfront, minmay_liquid_box
D:5:      zin_treasury
D:6:      grunt_pakellas_salt, minmay_temple_entry_purple_smoke, serial_shops,
          nicolae_shop_waterfront, uniq_menkaure
D:7:      minmay_klotski, serial_shops, shop, st_stairs_4, hex_medium
D:8:      elyvilon_altar_5, tgw_sif
D:10:     orc_0_dummy
D:11:     lair_0_dummy, basic_altar, grunt_livestock
D:13:     lab_entry_generic, onia_ninara_dug_in_and_dangerous
D:14:     lightli_vaults_fourway_checkpoint, evilmike_ruin_ashenzari,
          uniq_roxanne, uniq_nessos
D:15:     gammafunk_enter_depths_forms, serial_shops, nicolae_shop_trees,
          hangedman_decor_peaks_small, lightli_fourway_metalbox
Lair:1:   uniq_fannar
Lair:2:   beast_lair_carwin_10, grunt_megastairs_1, uniq_erica
Lair:3:   portal_ice_cave_entry_imps, special_room, lemuel_fruit_fields,
          lemuel_fruit_tree, serial_bayou_shore_b
Lair:4:   minmay_snake_entry_six_corridors, uniq_maud
Lair:5:   grunt_megastairs_5
Lair:6:   minmay_swamp_entry_wisps, slime_dummy
Lair:7:   serial_bayou_shore_a, lemuel_fruit_fields, serial_bayou_shore_b,
          uniq_snorg, uniq_josephine
Lair:8:   minmay_lair_end_enchanted_forest, nicolae_quartered_pool_medium
Swamp:1:  cheibrodos_swamp_tower_of_moss, infiniplex_staircase_pool_2
Swamp:2:  evilmike_swamp_ruin_rubble_2
Swamp:3:  serial_swamp_ruin, evilmike_swamp_ruin_house_2,
          evilmike_swamp_ruin_house_4, evilmike_swamp_ruin_house_1, swamp_pool4
Swamp:4:  swamp_basic_johnstein, swamp_pool4, uniq_kirke
Snake:1:  special_room
Snake:2:  uniq_donald, uniq_nikola
Snake:3:  st_stairs_3, basic_stair_grate_trap, uniq_vashnia
Snake:4:  grunt_snake_rune_pools, spider_trap, uniq_aizul, uniq_louise,
          uniq_agnes
Slime:1:  cheibrodos_slime_lost_civilization_4
Slime:2:  cheibrodos_slime_lost_civilization_1,
          cheibrodos_slime_lost_civilization_5
Orc:1:    serial_shops, shop, trog_hazing_becter
Orc:2:    st_orc_elflike, basic_altar, uniq_rupert, uniq_azrael
Elf:1:    elf_arrival_001, minmay_elf_sorcery, minmay_curled_crystal
Elf:3:    minmay_elf_hall_golems, serial_shops, shop, shop, shop, shop,
          st_stairs_10
Vaults:1: nicolae_vaults_alarming, ontoclasm_vaults_ring_square, v_misc_19,
          nicolae_vaults_yaktaur_gun_rack, v_misc_1, grunt_vaults_bifocal,
          dpeg_vaults_monster_box, v_misc_26, v_misc_13,
          vaults_dpeg_encased_lava
Vaults:2: dpeg_vaults_monster_row, vaults_dpeg_hooks, v_misc_31,
          nicolae_vaults_statue_guard, nicolae_vaults_mini_display_case,
          ontoclasm_vaults_hangar, vaults_room_pools, dummy_crypt_entry,
          serial_shops, nicolae_shop_competitors_out_of_business, uniq_norris
Vaults:3: v_misc_22, hangedman_vaults_locks, v_misc_32,
          ontoclasm_vaults_shuriken, vaults_room_grid, v_misc_15,
          ontoclasm_vaults_ring_square, vaults_mumra_minichess_inversion,
          v_pattern_3, ontoclasm_vaults_twist, v_misc_10,
          ontoclasm_vaults_fault, v_misc_18, nicolae_vaults_shelves_hall,
          grunt_vaults_hallway_long, nicolae_vaults_ring_of_whatevers
Vaults:4: v_alt_pattern_6, vaults_room_semicircle, v_misc_1,
          hangedman_vaults_slice, ontoclasm_vaults_pinch,
          hangedman_vaults_stagger, v_alt_pattern_1,
          vaults_standard_mumra_enter_the_diamond,
          nicolae_vaults_branching_niches, v_misc_13, v_rooms_6, serial_shops,
          nicolae_shop_temple_entry_statues_fountains
Crypt:1:  basic_altar, hex_large, door_vault, grunt_crypt_arrival_webbed
Crypt:2:  ragdoll_tomb_raider
Crypt:3:  evilmike_haunted_forest, uniq_xtahua
Depths:1: pan_entry, kennysheep_boxes, serial_shops, bzr_entry_islet,
          hangedman_geh_valley, spider_trap, kennysheep_four_rooms
Depths:2: kennysheep_water_balloons, hangedman_abyss_or_decor_clamps,
          hell_entry, serial_shops, shop, nicolae_shop_statue_plus,
          infiniplex_staircase_pillars_3a
Depths:3: radiant_caverns_b_rkd, pan_entry, hell_entry
Depths:4: minmay_curly_fans, minmay_misc_feat_x, abyss_entry,
          hangedman_coc_ice_floe, wad_floor_pattern_untrapped,
          infiniplex_staircase_zigzag_2
Depths:5: grunt_zot_entry_gee_three, lemuel_statue_altar, hell_entry, pan_entry
Dis:7:    dis_hangedman
Geh:2:    grunt_megastairs_2
Geh:4:    special_room
Geh:6:    lemuel_hellish_altar, grunt_megastairs_3
Geh:7:    geh_grunt_pentagon
Coc:7:    coc_grunt
Tar:1:    grunt_deathspiral_small
Tar:4:    nicolae_tar_cuneiform_not
Tar:7:    tar_old
Zot:1:    evilmike_crystal_ball_defense, st_large_dragon_hoard_1
Zot:2:    nicolae_lava_and_water, grunt_ministairs_5
Zot:3:    st_single_dragon_hoard_4, grunt_ministairs_3, st_stairs_4
Zot:4:    kennysheep_bubbly
Abyss:3:  lemuel_flamethrower_3
Abyss:4:  guppyfry_abyss_exit_spiral_guarded, nicolae_abyss_rune_star_stuff,
          bh_abyss_xom_lugonu_altar, hangedman_shadowy_showcase
Pan:      evilmike_holy_pan, evilmike_mini_pan_pillars_b,
          evilmike_mini_pan_corridor, rand_demon_5, pan_blood_fountain_small,
          evilmike_mini_pan_doors_b, pan_disco_hall,
          nicolae_pan_gloorx_vloqian_3, evilmike_mini_pan_doors_b,
          pan_blood_fountain_small, pan_blood_fountain_2,
          nicolae_pan_giant_door, rand_demon_9, pan_blood_fountain_2,
          grunt_pan_sceptre, pan_blood_fountain, pan_blood_fountain_small,
          nicolae_pan_mnolegish_1, evilmike_mini_pan_diamond,
          pan_captured_pigsty, lemuel_hellion_island, rand_demon_7,
          cerebov_grunt_fire_and_steel, pan_blood_fountain,
          evilmike_mini_pan_layers, evilmike_mini_pan_possible_glass,
          lom_lobon_st, evilmike_mini_pan_pillars_b, uniq_mennas_pan,
          pan_blood_fountain_small, evilmike_mini_pan_other_thingy,
          nicolae_pan_diamonds, pan_blood_fountain, nicolae_pan_mnolegish_4,
          evilmike_mini_pan_possible_glass, rand_demon_5,
          evilmike_mini_pan_corner, reaverb_pan_chaos_star,
          nicolae_pan_sigil_nadil, nicolae_pan_mnolegish_3,
          evilmike_mini_pan_rooms, rand_demon_7, pan_blood_fountain,
          rand_demon_3, nicolae_pan_glass_arcs, pan_blood_fountain_small,
          gloorx_vloq_st, mnoleg_grunt
Lab:      nicolae_lab_grate_2, nicolae_lab_do_over
Bazaar:   bazaar_jpeg_circle_common
IceCv:    ice_cave_caverns_01

Skill      XL: |  1  2  3  4  5  6  7  8  9 10 11 12 13 14 15 16 17 18 19 20 21 22 23 24 25 26 27 |
---------------+----------------------------------------------------------------------------------+-----
Unarmed Combat | 5 6 7 8 |  8.4
Staves         | 2 4 6 |  6.3
Fighting       | 4 5 6 8 10 12 13 14 16 18 20 22 24 26 27 | 27.0
Armour         | 1 3 4 6 8 9 10 11 12 13 17 22 25 27 | 27.0
Dodging        | 4 6 7 9 11 13 15 16 17 18 19 20 21 22 23 27 | 27.0
Axes           | 3 5 7 9 10 11 13 16 20 26 27 | 27.0
Invocations    | 6 7 9 10 11 27 | 27.0
Spellcasting   | 15 | 15.6
Translocations | 10 | 10.0
Air Magic      | 19 | 19.9
Stealth        | |  1.5

Action                   |  1- 3 |  4- 6 |  7- 9 | 10-12 | 13-15 | 16-18 | 19-21 | 22-24 | 25-27 || total
-------------------------+-------+-------+-------+-------+-------+-------+-------+-------+-------++-------
Melee: Unarmed           |    77 |    55 |       |       |       |       |       |       |     4 ||   136
       Headbutt          |    12 |    15 |    35 |   194 |   385 |   304 |   503 |   600 |  3105 ||  5153
       Quarterstaff      |       |    22 |   280 |   745 |  1113 |       |       |       |       ||  2160
       Punch             |       |     1 |       |       |       |       |       |       |       ||     1
       Battleaxe         |       |       |       |       |   212 |   836 |  1428 |  1535 |  5799 ||  9810
       Executioner's axe |       |       |       |       |       |       |       |       |  2572 ||  2572
 Cast: Apportation       |       |       |       |       |       |       |       |       |     5 ||     5
Invok: Cleansing Flame   |       |       |       |       |       |       |       |     2 |    12 ||    14
       Summon Divine War |       |       |       |       |       |       |       |     1 |     7 ||     8
       Divine Shield     |       |       |       |       |       |       |       |       |     4 ||     4
       Brand Weapon With |       |       |       |       |       |       |       |       |     1 ||     1
 Abil: Evoke Flight      |       |       |       |       |       |       |       |     3 |     5 ||     8
       Evoke Blink       |       |       |       |       |       |       |       |     1 |       ||     1
Evoke: Wand              |       |       |       |       |    11 |       |     8 |     9 |     8 ||    36
  Use: Scroll            |       |    11 |     9 |    10 |    17 |     9 |    11 |    18 |    57 ||   142
       Potion            |       |       |       |       |     5 |     3 |     1 |    14 |    51 ||    74
 Stab: Sleeping          |     3 |       |       |       |       |       |       |       |       ||     3
       Distracted        |       |       |       |       |       |       |       |     1 |     3 ||     4
       Confused          |       |       |       |       |       |       |       |       |     1 ||     1
  Eat: Chunk             |       |     3 |     1 |     8 |     5 |     4 |     9 |     2 |     7 ||    39
       Fruit             |       |       |     3 |     8 |    11 |    14 |     7 |     4 |    13 ||    60
       Beef jerky        |       |       |     3 |     3 |     1 |     2 |     4 |     2 |     6 ||    21
       Pizza             |       |       |     1 |     5 |     5 |     2 |     2 |       |     4 ||    19
       Royal jelly       |       |       |     1 |       |     9 |     1 |     1 |       |     5 ||    17
       Meat ration       |       |       |     1 |       |       |     1 |     3 |     5 |    21 ||    31
Armor: Robe              |     6 |       |       |       |       |       |       |       |       ||     6
       Ring mail         |    15 |    19 |   107 |   181 |   358 |    76 |       |       |       ||   756
       Swamp dragon armo |       |       |       |       |       |    81 |   130 |    15 |       ||   226
       Plate armour      |       |       |       |       |       |       |       |    86 |       ||    86
       Crystal plate arm |       |       |       |       |       |       |       |   212 |  2800 ||  3012
Dodge: Dodged            |    53 |    53 |   220 |   762 |  1715 |  1141 |  1237 |  1463 |  9305 || 15949
       Deflected         |       |       |       |       |       |       |    17 |    77 |   152 ||   246
Block: Other             |       |       |       |       |       |    21 |   197 |       |    83 ||   301
       Reflection        |       |       |       |       |       |     2 |    35 |       |       ||    37
